 Dungeon Crawl Stone Soup version 0.25.1-1-g288607f5aa (webtiles) character file.

Game seed: 9320012579197836247

48 DerDa the Grave Robber (level 3, -2/24 HPs)
             Began as a Mummy Necromancer on July 26, 2020.
             Slain by a hobgoblin
             ... wielding a +0 club
              (4 damage)
             ... on level 2 of the Dungeon.
             The game lasted 00:03:09 (1185 turns).

DerDa the Grave Robber (Mummy Necromancer)          Turns: 1185, Time: 00:03:10

Health: -2/24      AC:  2    Str: 11    XL:     3   Next: 50%
Magic:  1/8        EV: 12    Int: 15    God:
Gold:   49         SH:  0    Dex: 12    Spells: 5/10 levels left

rFire    x . .     SeeInvis .   c - +0 club
rCold    + . .     Gourm    .   (no shield)
rNeg     + + +     Faith    .   a - +0 robe
rPois    ∞         Spirit   .   (no helmet)
rElec    .         Reflect  .   (no cloak)
rCorr    .         Harm     .   (no gloves)
MR       .....                  (no boots)
Stlth    ++........             (no amulet)
HPRegen  0.08/turn              (no ring)
MPRegen  0.11/turn              (no ring)

@: no status effects
A: no food or potions, fire vulnerability, cold resistance 1, negative energy
resistance 3, torment resistance, unbreathing
a: no special abilities


You were on level 2 of the Dungeon.
You were not hungry.

You visited 1 branch of the dungeon, and saw 2 of its levels.

You collected 49 gold pieces.

Inventory:

Hand Weapons
 c - a +0 club (weapon)
Missiles
 e - 60 stones (quivered)
 g - 23 bolts
 i - 25 sling bullets
Armour
 a - a +0 robe (worn)
Scrolls
 b - 5 scrolls of identify {unknown}
 d - a scroll of magic mapping {unknown}
 f - a scroll of amnesia {unknown}
 h - a scroll of fear {unknown}


   Skills:
 - Level 1.5 Dodging
 - Level 1.5 Stealth
 * Level 4.0 Spellcasting
 * Level 4.7 Necromancy


You had 5 spell levels left.
You knew the following spells:

 Your Spells              Type           Power        Failure   Level  Hunger
a - Pain                  Necr           ###.         2%          1    N/A
b - Animate Skeleton      Necr           N/A          2%          1    N/A
c - Vampiric Draining     Necr           ###.......   8%          3    N/A

Your spell library contained the following spells:

 Spells                   Type           Power        Failure   Level  Hunger
 Animate Dead             Necr           N/A          26%         4    N/A
 Agony                    Necr           ###.....     58%         5    N/A

Dungeon Overview and Level Annotations

Branches:
Dungeon (2/15)

Altars:


Innate Abilities, Weirdness & Mutations

You do not eat or drink.
Your flesh is vulnerable to fire.
You are immune to poison.
Your flesh is cold resistant. (rC+)
You are immune to negative energy. (rN+++)
You are immune to unholy pain and torment.
You can survive without breathing.


Message History

The goblin hits your bat skeleton with a +0 dagger.
Your bat skeleton is destroyed!
The hobgoblin closely misses you.
Casting: Pain (safe; 2% risk of failure)
Confirm with . or Enter, or press ? or * to list all spells.
Aiming: Pain (safe; 2% risk of failure)
Press: ? - help, Shift-Dir - straight line, f - hobgoblin
Aim: a hobgoblin, wielding a +0 club (lightly wounded, chance to defeat MR: 87%)
The hobgoblin writhes in agony.
The hobgoblin closely misses you.
You barely miss the hobgoblin.
The hobgoblin is severely wounded.
The hobgoblin hits you with a +0 club.
* * * LOW HITPOINT WARNING * * *
The goblin hits you with a +0 dagger.
* * * LOW HITPOINT WARNING * * *
Found 11 gold pieces.
An adder and a dart slug come into view.
The adder hisses angrily.
The hobgoblin hits you with a +0 club.
You die...

..[.... #..........#
$......##...†....).#
#....$.............#
.....##.####.#######
......#.# #.%# # #.#.#
#.## .#..g###.#
#..##.g##.######
#..S...@.......##
.....#.<..........##
.... #........<....##
$.w ................##
.....####............#
.#.## #......)[..### #
#..........#
##..<.....##
#####...>....##


You could see an adder, a hobgoblin and a goblin.

Vanquished Creatures
  An adder (D:2)
  2 dart slugs
  A leopard gecko (D:1)
  3 bats
  3 giant cockroaches (D:1)
  6 goblins (D:1)
  3 hobgoblins
  7 kobolds
  2 frilled lizards (D:1)
  2 rats (D:1)
30 creatures vanquished.

Vanquished Creatures (collateral kills)
  A bat (D:2)
  A frilled lizard (D:2)
2 creatures vanquished.

Grand Total: 32 creatures vanquished

Notes
Turn   | Place    | Note
-------+----------+-------------------------------------------
     0 | D:1      | DerDa the Mummy Necromancer began the quest for the Orb.
     0 | D:1      | Reached XP level 1. HP: 13/13 MP: 4/4
   105 | D:1      | Reached XP level 2. HP: 6/19 MP: 0/6
   324 | D:1      | Learned a level 1 spell: Animate Skeleton
   898 | D:1      | Reached XP level 3. HP: 22/24 MP: 0/8
   903 | D:1      | Learned a level 3 spell: Vampiric Draining
  1096 | D:2      | Found a faded altar of an unknown god.
  1185 | D:2      | Slain by a hobgoblin

Illustrated notes

Levels and vault maps discovered:
D:1:      scummos_arrival_gate, layout_rooms, chequers_jeans
D:2:      layout_rooms, lemuel_coloured_pillars_altar,
          chequers_ecumenical_altar_simple

Skill      XL: |  1  2  3 |
---------------+----------+-----
Spellcasting   | 3 4 |  4.0
Dodging        | |  1.5
Stealth        | |  1.5
Necromancy     | |  4.7

Action                   || total
-------------------------++-------
Melee: Club              ||    19
 Cast: Pain              ||    52
       Animate Skeleton  ||     1
Armor: Robe              ||    14
Dodge: Dodged            ||    38
